 Dungeon Crawl Stone Soup version 0.20.1-1-g8b1a95d (webtiles) character file.

1434 superdavo the Slasher (level 8, 0/70 HPs)
             Began as a Black Draconian Berserker on Oct 15, 2017.
             Was a Priest of Trog.
             Slain by a slave (6 damage)
             ... led by Pikel
             ... on level 5 of the Dungeon on Oct 16, 2017.
             The game lasted 00:27:09 (3991 turns).

superdavo the Slasher (Black Draconian Berserker)   Turns: 3991, Time: 00:27:09

Health: 0/70       AC:  7    Str: 22      XL:     8   Next: 45%
Magic:  17/17      EV: 20    Int:  7 (8)  God:    Trog [***...]
Gold:   230        SH:  0    Dex: 15      Spells: 7/7 levels left

rFire    . . .     SeeInvis .   j - +0 long sword
rCold    . . .     Gourm    .   (no shield)
rNeg     . . .     Faith    .   (armour unavailable)
rPois    .         Spirit   .   (helmet restricted)
rElec    +         Reflect  .   (no cloak)
rCorr    .         Harm     +   (no gloves)
MR       .....                  z - +0 pair of boots
Stlth    +++.......             d - amulet of harm
Regen    0.3/turn               l - ring of magical power
MPRegen  0.2/turn               q - ring of flight

@: agile, berserk cooldown, very slightly contaminated, slowed, very slow
A: breathe lightning, unfitting armour, talons 1, deterioration 1, electricity
resistance, wild magic 1, cold-blooded, AC +6
a: Breathe Lightning, Berserk, Trog's Hand, Burn Spellbooks, Renounce Religion,
Evoke Flight


You were on level 5 of the Dungeon.
You worshipped Trog.
Trog was most pleased with you.
You were not hungry.

You visited 1 branch of the dungeon, and saw 5 of its levels.

You collected 230 gold pieces.

Inventory:

Hand Weapons
 a - a +0 falchion
 c - a +0 hunting sling
 f - a +0 club
 h - a +0 short sword
 i - a +0 hand axe
 j - a +0 long sword (weapon)
 x - a +0 mace of protection
Missiles
 k - 28 poisoned needles
 v - 7 tomahawks (quivered)
 A - 32 bolts
Armour
 p - a +1 leather armour
 z - a +0 pair of boots (worn)
Jewellery
 d - an amulet of harm (around neck)
 l - a ring of magical power (left hand)
 q - a ring of flight (right hand)
 t - a cursed amulet of inaccuracy {unknown}
Wands
 m - a wand of flame (9/48)
Scrolls
 e - a scroll of remove curse
 n - a scroll of enchant armour
 u - a scroll of magic mapping
Comestibles
 b - 2 bread rations
 g - 3 meat rations
 o - a chunk of flesh
 B - a royal jelly


   Skills:
 + Level 6.0 Fighting
 + Level 7.5 Long Blades
 + Level 1.4 Throwing
 + Level 5.6 Dodging
 + Level 2.4 Stealth


You had 7 spell levels left.
You didn't know any spells.

Dungeon Overview and Level Annotations

Branches:
Dungeon (5/15)
 Temple: D:4-7

Altars:
Ru

Annotations:
D:5 Pikel


Innate Abilities, Weirdness & Mutations

You can breathe wild blasts of lightning.
Your glossy black scales are hard. (AC +6)
You cannot fit into any form of body armour.
You are resistant to electric shocks. (rElec)
You are cold-blooded and may be slowed by cold attacks.
You have sharp toenails.
Your body sometimes deteriorates upon taking damage.
Your spells are a little harder to cast, but a little more powerful.


Message History

The slave is heavily wounded.
Pikel hits you with a whip of flaming.
* * * LOW HITPOINT WARNING * * *
Pikel burns you.
* * * LOW HITPOINT WARNING * * *
The slave barely misses you. The slave misses you.
Pikel hits you with a whip of flaming.
* * * LOW HITPOINT WARNING * * *
Pikel burns you.
* * * LOW HITPOINT WARNING * * *
The slave completely misses you.
Unknown command.
Aiming: Throw Flame (will waste charges)
Press: ? - help, Shift-Dir - straight line, f - slave
Aim: a slave, wearing an animal skin (heavily wounded)
The puff of flame misses the slave.
Evoking this partially-identified wand wasted a few charges.
The slave closely misses you. Pikel closely misses you. The slave misses you.
The slave hits you.
You die...

#....####.. .........
.......># .......#
...(..# #....# #....#
+....###########+####
#..)..@K.............
#.....pp.............
#....................
#............).....(.
#.............[....##
#..................#
+....#####+#.......#
#....# #.......#
##+##....# #.........


You could see Pikel and 2 slaves.

Vanquished Creatures
  A two-headed ogre (D:5)
  Sigmund (D:2)
  2 slaves (D:5)
  A scorpion (D:4)
  A crimson imp (D:3)
  A centaur skeleton (D:4)
  4 orc priests
  4 orc wizards
  Jessica (D:2)
  2 worker ants (D:4)
  8 adders
  3 gnolls (D:3)
  A howler monkey skeleton (D:4)
  3 oozes
  An adder skeleton (D:4)
  3 worms
  A leopard gecko (D:3)
  20 orcs
  A ball python (D:1)
  9 bats
  3 giant cockroaches
  A goblin (D:3)
  4 hobgoblins
  6 jackals (D:2)
  7 kobolds
  6 quokkas
  5 frilled lizards
  7 rats
  A plant (D:3)
108 creatures vanquished.

Vanquished Creatures (others)
  A bush (D:3)
  A plant (D:3)
2 creatures vanquished.

Grand Total: 110 creatures vanquished

Notes
Turn   | Place    | Note
-------+----------+-------------------------------------------
     0 | D:1      | superdavo the Draconian Berserker began the quest for the Orb.
     0 | D:1      | Reached XP level 1. HP: 19/19 MP: 1/1
   272 | D:1      | Reached XP level 2. HP: 23/26 MP: 2/2
   818 | D:2      | Noticed Jessica
   825 | D:2      | Killed Jessica
   825 | D:2      | Reached XP level 3. HP: 33/33 MP: 3/3
   882 | D:2      | Noticed Sigmund
   905 | D:2      | Killed Sigmund
   905 | D:2      | Reached skill level 4 in Long Blades
   905 | D:2      | Reached XP level 4. HP: 41/41 MP: 4/4
   905 | D:2      | Reached XP level 5. HP: 47/47 MP: 5/5
   969 | D:2      | Gained mutation: You have sharp toenails. [potion of mutation]
   969 | D:2      | Gained mutation: Your body sometimes deteriorates upon taking damage. [potion of mutation]
   969 | D:2      | Gained mutation: Your spells are a little harder to cast, but a little more powerful. [potion of mutation]
   992 | D:2      | Found a sacrificial altar of Ru.
  1083 | D:2      | Reached ** piety under Trog
  1083 | D:2      | Reached skill level 1 in Stealth
  1440 | D:3      | Reached XP level 6. HP: 24/55 MP: 6/6
  1778 | D:3      | Reached skill level 5 in Long Blades
  1822 | D:3      | Reached skill level 5 in Fighting
  2419 | D:3      | Reached *** piety under Trog
  2702 | D:3      | Your scales start taking on a glossy black colour.
  2702 | D:3      | Reached XP level 7. HP: 61/61 MP: 7/7
  2702 | D:3      | Gained mutation: You are resistant to electric shocks. (rElec) [Black Draconian growth]
  3215 | D:4      | Reached skill level 6 in Long Blades
  3334 | D:4      | Reached skill level 5 in Dodging
  3898 | D:5      | Entered Level 5 of the Dungeon
  3960 | D:5      | Noticed a two-headed ogre
  3962 | D:5      | Noticed Pikel
  3967 | D:5      | Killed a two-headed ogre
  3967 | D:5      | Reached skill level 7 in Long Blades
  3967 | D:5      | Reached skill level 1 in Throwing
  3967 | D:5      | Reached XP level 8. HP: 67/70 MP: 8/8
  3991 | D:5      | Slain by a slave

Skill      XL: |  1  2  3  4  5  6  7 |
---------------+----------------------+-----
Dodging        | 3 4 5 |  5.6
Fighting       | 4 5 6 |  6.0
Long Blades    | 4 5 7 |  7.5
Stealth        | 1 2 |  2.4
Throwing       | 1 |  1.4

Action                   |  1- 3 |  4- 6 |  7- 9 || total
-------------------------+-------+-------+-------++-------
Melee: Falchion          |    36 |    68 |       ||   104
       Tailslap          |     9 |    27 |    15 ||    51
       Kick              |       |    65 |    15 ||    80
       Long sword        |       |   104 |    88 ||   192
Throw: Throwing net      |     1 |     3 |     1 ||     5
       Tomahawk          |       |       |     9 ||     9
Invok: Berserk           |       |     2 |     2 ||     4
       Burn Spellbooks   |       |     1 |       ||     1
       Trog's Hand       |       |       |     1 ||     1
 Abil: Breathe Lightning |       |       |     4 ||     4
Evoke: Wand              |       |       |     1 ||     1
  Use: Potion            |     2 |     3 |     5 ||    10
       Scroll            |       |     6 |     4 ||    10
 Stab: Invisible         |     1 |       |       ||     1
       Held in net/web   |       |     2 |       ||     2
       Sleeping          |       |       |     1 ||     1
  Eat: Chunk             |       |     4 |       ||     4
       Meat ration       |       |     1 |       ||     1
       Royal jelly       |       |     1 |       ||     1
       Bread ration      |       |       |     1 ||     1
Armor: Skin              |    11 |    43 |    24 ||    78
Dodge: Dodged            |    54 |   109 |    98 ||   261
       Rpst.: Falchion   |    17 |    23 |       ||    40
       Long sword        |       |    16 |    30 ||    46
